 Dungeon Crawl Stone Soup version 0.30-a0-359-gd0147acb1a (webtiles) character file.

Game seed: 10229902636225724435

123 Maxmaps the Stinger (level 5, -4/30 HPs)
             Began as an Octopode Transmuter on Nov 11, 2022.
             Slain by Terence
             ... wielding a +2 vorpal mace
              (6 damage)
             ... on level 3 of the Dungeon.
             The game lasted 00:02:23 (2380 turns).

Maxmaps the Stinger (Octopode Transmuter)           Turns: 2380, Time: 00:02:24

Health: -4/30      AC:  1    Str:  9    XL:     5   Next: 7%
Magic:  6/9        EV: 13    Int: 17    God:
Gold:   130        SH:  0    Dex: 13    Spells: 6/10 levels left

rFire   . . .      SeeInvis .      - Unarmed
rCold   . . .      Faith    .    (no shield)
rNeg    . . .      Spirit   .    (helmet currently unavailable)
rPois   .          Reflect  .    (no amulet)
rElec   .          Harm     .    (no ring)
rCorr   .          Rampage  .    (no ring)
Will    .....      Clarity  +    (no ring)
Stlth   ++........               (no ring)
HPRegen 0.25/turn                (no ring)
MPRegen 0.11/turn                (no ring)
                                 (no ring)
                                 (no ring)

@: appendages (expiring), flying, very slightly contaminated
A: tentacle spike 3, almost no armour, amphibious, 8 rings, camouflage 1,
gelatinous body 1, (nimble swimmer 1), tentacles, clarity, frail 1, no potion
heal 1
a: End Transformation


You were on level 3 of the Dungeon.
One of your tentacles had grown a beastly spike.
You visited 1 branch of the dungeon, and saw 3 of its levels.

You collected 130 gold pieces.

Inventory:

Armour
 o - a +2 buckler
Jewellery
 j - a ring of positive energy
 n - a ring of magical power
Scrolls
 c - a scroll of enchant weapon {unknown}
 h - 2 scrolls of teleportation {unknown}
 i - a scroll of poison {unknown}
 k - a scroll of fear {unknown}
 l - 2 scrolls of noise {unknown}
 m - a scroll of butterflies {unknown}
 q - 2 scrolls of identify {unknown}
 r - a scroll of brand weapon {unknown}
Potions
 a - 2 potions of lignification
 b - a potion of haste {unknown}
 d - 2 potions of mutation
 e - a potion of attraction {unknown}
 f - 2 potions of flight
 g - 3 potions of heal wounds {unknown}
 p - 2 potions of magic {unknown}


   Skills:
 - Level 2.0 Fighting
 - Level 2.0 Dodging
 - Level 3.0 Unarmed Combat
 - Level 3.0 Spellcasting
 + Level 2.6 Transmutations
 - Level 3.2 Poison Magic


You had 6 spell levels left.
You knew the following spells:

 Your Spells              Type           Power      Damage    Failure   Level
a - Beastly Appendage     Tmut           22%        N/A       6%          1
b - Spider Form           Tmut/Pois      12%        N/A       16%         3

Your spell library contained the following spells:

 Spells                   Type           Power      Damage    Failure   Level
 Wereblood                Tmut           11%        N/A       9%          2
 Ice Form                 Ice/Tmut       7%         N/A       71%         4


Dungeon Overview and Level Annotations

Branches:
Dungeon (3/15)

Altars:
Trog
Wu Jian

Annotations:
D:3 Terence


Innate Abilities, Weirdness & Mutations

One of your tentacles has grown a beastly spike.
You cannot wear most types of armour.
You are amphibious.
You can wear up to eight rings at the same time.
Your skin changes colour to match your surroundings (Stealth+).
Your rubbery body absorbs attacks. (AC +1, EV +1)
((You are camouflaged when in or above water. (Stealth+)))
You have tentacles for arms and can constrict up to eight enemies at once.
You possess an exceptional clarity of mind.
You are frail. (-10% HP)
Potions are less effective at restoring your health.


Message History

Terence is lightly wounded.
You constrict Terence, but do no damage.
Terence misses you.
You tentacle-slap Terence but do no damage.
Terence is lightly wounded.
You constrict Terence, but do no damage.
You tentacle-slap Terence but do no damage.
You pierce Terence.
Terence is moderately wounded.
You constrict Terence, but do no damage.
Terence hits you with a +2 vorpal mace!
You tentacle-slap Terence but do no damage.
You pierce Terence, but do no damage.
Terence is moderately wounded.
You constrict Terence, but do no damage.
Terence hits you with a +2 vorpal mace!
You tentacle-slap Terence but do no damage.
Terence is moderately wounded.
You constrict Terence. Terence hits you with a +2 vorpal mace!
* * * LOW HITPOINT WARNING * * *
x2 You tentacle-slap Terence but do no damage.
Terence is heavily wounded.
You constrict Terence, but do no damage.
Terence barely misses you.
You tentacle-slap Terence.
You pierce Terence.
You tentacle-slap Terence, but do no damage.
Terence is severely wounded.
Your transformation is almost over.
You constrict Terence, but do no damage.
Terence hits you with a +2 vorpal mace.
* * * LOW HITPOINT WARNING * * *
x2 It was a potion of mutation.
You feel extremely strange.
Your system partially rejects the healing effects of potions.
You feel frail.
Your thoughts seem clearer.
You constrict Terence. Terence closely misses you.
It was a potion of flight.
You feel very buoyant.
You fly up into the air.
You constrict Terence. Terence hits you with a +2 vorpal mace.
You die...

.....).....# ######
...........#
...........########
...........##.....#
###...#######.....#
#.'...# #.....#
..#...# #.....#
.##...# #...@.#
.##...# #...@.#
###...# #.....# #
#...# #.....#
#...#######.....#
#...............#
###............####
..###).........#
..###..........#
...............#


You could see Terence.

Vanquished Creatures
  6 adders
  2 worms (D:2)
  4 dart slugs
  2 orcs (D:3)
  9 bats
  2 endoplasms
  2 giant cockroaches
  5 goblins
  4 hobgoblins
  2 quokkas
  7 ball pythons
  A frilled lizard (D:3)
  3 kobolds
  7 rats
56 creatures vanquished.

Notes
Turn   | Place    | Note
-------+----------+-------------------------------------------
     0 | D:1      | Maxmaps the Octopode Transmuter began the quest for the
                  | Orb.
     0 | D:1      | Reached XP level 1. HP: 13/13 MP: 3/3
   203 | D:1      | Reached XP level 2. HP: 14/19 MP: 5/5
   900 | D:2      | Reached XP level 3. HP: 22/24 MP: 7/7
   954 | D:2      | Learned a level 3 spell: Spider Form
  1043 | D:2      | Found an ornate altar of the Wu Jian Council.
  1133 | D:2      | Reached skill level 1 in Poison Magic
  1284 | D:2      | Reached XP level 4. HP: 28/29 MP: 8/8
  2137 | D:3      | Reached XP level 5. HP: 29/34 MP: 7/9
  2210 | D:3      | Found a bloodstained altar of Trog.
  2365 | D:3      | Noticed Terence
  2379 | D:3      | Gained mutation: Potions are less effective at restoring
                  | your health. [potion of mutation]
  2379 | D:3      | Gained mutation: You are frail. (-10% HP) [potion of
                  | mutation]
  2379 | D:3      | Gained mutation: You possess an exceptional clarity of
                  | mind. [potion of mutation]
  2380 | D:3      | Slain by Terence

Illustrated notes

Levels and vault maps discovered:
D:1:      dpeg_arrival_shelter, layout_loops_ring
D:2:      minmay_door_path, layout_basic, basic_altar
D:3:      layout_basic, lemuel_coloured_pillars_altar, uniq_terence

Skill      XL: |  1  2  3  4 |
---------------+-------------+-----
Fighting       | 2 |  2.0
Spellcasting   | 3 |  3.0
Poison Magic   | 1 3 |  3.2
Dodging        | |  2.0
Unarmed Combat | |  3.0
Transmutations | |  2.6

Action                   |  1- 3 |  4- 6 || total
-------------------------+-------+-------++-------
Melee: Unarmed           |    65 |    65 ||   130
       Constrict         |    15 |    16 ||    31
       Tentacles         |    12 |    12 ||    24
       Punch             |     1 |     2 ||     3
       Kick              |     5 |     8 ||    13
 Cast: Beastly Appendage |     9 |     5 ||    14
  Use: Potion            |       |     2 ||     2
 Stab: Sleeping          |     9 |     1 ||    10
Armor: Skin              |     7 |     4 ||    11
Dodge: Dodged            |    33 |    43 ||    76

Table legend: (Time is in decaauts)
 A = Elapsed time spent in this place.
 B = Non-inter-level travel time spent in this place.
 C = Inter-level travel time spent in this place.
 D = Time resting spent in this place.
 E = Time spent auto-exploring this place.
 F = Levels seen in this place.
 G = Mean time per level.
                   A        B        C        D        E       F      G
               +--------+--------+--------+--------+--------+-----+--------+
         Total |   2372 |   2263 |    109 |     70 |   1808 |   3 |  790.7 |
       Dungeon |   2372 |   2263 |    109 |     70 |   1808 |   3 |  790.7 |
               +--------+--------+--------+--------+--------+-----+--------+

Top non-repeatable levels by time:
     D:2: 1066 daAuts
     D:1: 684 daAuts
     D:3: 621 daAuts
